[Event "Niedersachsen-ch B 2024"]
[Site "Verden Aller"]
[Date "2024.01.07"]
[Round "7.29"]
[White "Margaryan, Venera"]
[Black "Ristedt, Mathis"]
[Result "1-0"]
[ECO "D58"]
[WhiteElo "1473"]
[BlackElo "1601"]
[Annotator "NA RC"]
[PlyCount "53"]
[EventDate "2024.01.01"]
[EventType "swiss"]
[EventCountry "GER"]
[SourceTitle "playchess.com"]
[Source "ChessBase"]
[SourceQuality "1"]
[TimeControl "40/5400+30:1800+30"]

1. d4 d5 2. c4 e6 3. Nc3 Nf6 4. Bg5 Be7 5. e3 O-O 6. Nf3 h6 7. Bh4 b6 8. cxd5 exd5 9. Bd3 Bb7 10. Bxf6 Bxf6 11. Bc2 Re8 12. Qd3 g6 13. h4 Ba6 14. Qd2 h5 15. Bd3 Bb7 16. O-O-O Nd7 17. Rdg1 Bg7 18. g4 hxg4 19. Rxg4 Nf6 20. Rgg1 Ne4 21. Qe2 Bc8 22. h5 Bf5 23. hxg6 Bxg6 24. Nh4 Re6 25. Nxe4 dxe4 26. Bc4 Bh5 27. Qxh5 1-0

[Event "Niedersachsen-ch B 2024"]
[Site "Verden Aller"]
[Date "2024.01.07"]
[Round "7.30"]
[White "Knorr, Frank"]
[Black "Stockburger, Alexander"]
[Result "1-0"]
[ECO "A34"]
[WhiteElo "1411"]
[BlackElo "1573"]
[Annotator "NA RC"]
[PlyCount "75"]
[EventDate "2024.01.01"]
[EventType "swiss"]
[EventCountry "GER"]
[SourceTitle "playchess.com"]
[Source "ChessBase"]
[SourceQuality "1"]
[TimeControl "40/5400+30:1800+30"]

1. c4 c5 2. Nc3 Nf6 3. e4 Nc6 4. g3 d6 5. Bg2 Bg4 6. Nge2 Nd4 7. O-O e5 8. h3 Bf3 9. Bxf3 Nxf3+ 10. Kg2 Ng5 11. d3 Qd7 12. Bxg5 Be7 13. Bxf6 Bxf6 14. Nd5 Bd8 15. f4 g5 16. f5 f6 17. Nec3 h5 18. Nb5 Kf7 19. Qa4 Kg7 20. Nbc3 Qf7 21. b4 b6 22. Qc6 Be7 23. Nxe7 Qxe7 24. Nd5 Qd8 25. Qc7+ Qxc7 26. Nxc7 Rab8 27. bxc5 dxc5 28. Nd5 Rhc8 29. Rfb1 Rc6 30. a4 a5 31. Ra2 Kf7 32. Rab2 Rd6 33. Kf3 g4+ 34. hxg4 hxg4+ 35. Ke3 Rh8 36. Nxb6 Rh3 37. Rg2 Rh8 38. Nd5 1-0

[Event "Niedersachsen-ch B 2024"]
[Site "Verden Aller"]
[Date "2024.01.07"]
[Round "7.31"]
[White "Rinke, Alexander"]
[Black "Pfuhl, Lars"]
[Result "0-1"]
[ECO "B11"]
[WhiteElo "1296"]
[BlackElo "1530"]
[Annotator "NA RC"]
[PlyCount "92"]
[EventDate "2024.01.01"]
[EventType "swiss"]
[EventCountry "GER"]
[SourceTitle "playchess.com"]
[Source "ChessBase"]
[SourceQuality "1"]
[TimeControl "40/5400+30:1800+30"]

1. e4 c6 2. Nf3 d5 3. Nc3 Bg4 4. h3 Bh5 5. d3 e6 6. Bf4 Bd6 7. e5 Bb4 8. Bd2 Nd7 9. g4 Bg6 10. Qe2 Qc7 11. O-O-O c5 12. Nb5 Bxd2+ 13. Qxd2 Qb6 14. Nd6+ Kf8 15. h4 Nxe5 16. Nxe5 Qxd6 17. Qf4 Ke7 18. h5 f6 19. hxg6 Qxe5 20. Qxe5 fxe5 21. gxh7 Nf6 22. Re1 Kd6 23. Re3 Rxh7 24. Rxh7 Nxh7 25. Rh3 Nf6 26. Be2 Rf8 27. Rf3 Ke7 28. g5 Nd7 29. Rxf8 Nxf8 30. Kd2 Nh7 31. g6 Nf8 32. Bh5 Kf6 33. Ke3 Nxg6 34. Bxg6 Kxg6 35. Kf3 Kf5 36. Kg3 g5 37. f3 b5 38. a3 a5 39. a4 bxa4 40. c3 c4 41. dxc4 dxc4 42. Kh3 Kf4 43. Kg2 e4 44. fxe4 Kxe4 45. Kg3 e5 46. Kf2 Kd3 0-1

[Event "Niedersachsen-ch B 2024"]
[Site "Verden Aller"]
[Date "2024.01.07"]
[Round "7.32"]
[White "Middelberg, Simon"]
[Black "Buergener, Richard"]
[Result "0-1"]
[ECO "D36"]
[WhiteElo "1401"]
[BlackElo "1569"]
[Annotator "NA RC"]
[PlyCount "54"]
[EventDate "2024.01.01"]
[EventType "swiss"]
[EventCountry "GER"]
[SourceTitle "playchess.com"]
[Source "ChessBase"]
[SourceQuality "1"]
[TimeControl "40/5400+30:1800+30"]

1. d4 Nf6 2. c4 e6 3. Nf3 d5 4. cxd5 exd5 5. Nc3 Be7 6. Bg5 c6 7. e3 O-O 8. Bd3 Re8 9. Qc2 Nbd7 10. O-O Nf8 11. h3 Ng6 12. a3 Ne4 13. Bxe7 Qxe7 14. b4 a6 15. Rfb1 Bf5 16. Nd1 Qf6 17. a4 Bxh3 18. Bf1 Bf5 19. Qa2 Ng5 20. Rc1 Nxf3+ 21. gxf3 Qg5+ 22. Kh2 Qh5+ 23. Kg1 Qxf3 24. Bg2 Qg4 25. Kf1 Bd3+ 26. Kg1 Nh4 27. f4 Be4 0-1

[Event "Niedersachsen-ch B 2024"]
[Site "Verden Aller"]
[Date "2024.01.07"]
[Round "7.33"]
[White "Steven, Matthias"]
[Black "Tenninger, Joerg"]
[Result "1/2-1/2"]
[ECO "C01"]
[WhiteElo "1284"]
[BlackElo "1508"]
[Annotator "NA RC"]
[PlyCount "51"]
[EventDate "2024.01.01"]
[EventType "swiss"]
[EventCountry "GER"]
[SourceTitle "playchess.com"]
[Source "ChessBase"]
[SourceQuality "1"]
[TimeControl "40/5400+30:1800+30"]

1. e4 e6 2. d4 d5 3. exd5 exd5 4. Bd3 Nf6 5. Ne2 Be6 6. Bf4 Be7 7. Nbc3 O-O 8. Qd2 Nbd7 9. O-O a6 10. a4 c6 11. Ng3 Nb6 12. Nce2 a5 13. c3 Nc4 14. Bxc4 dxc4 15. Rfe1 Bd6 16. f3 Re8 17. Ne4 Be7 18. Rad1 Nd5 19. Bg3 b6 20. Nf4 Bf5 21. Qf2 Nxf4 22. Bxf4 Be6 23. Qc2 Bd5 24. Qe2 Bf8 25. Qc2 Be7 26. Re2 1/2-1/2

[Event "Niedersachsen-ch B 2024"]
[Site "Verden Aller"]
[Date "2024.01.07"]
[Round "7.34"]
[White "Fize, Aleksandrs"]
[Black "Nechitaylo, Lev"]
[Result "1-0"]
[ECO "D00"]
[WhiteElo "1307"]
[BlackElo "1456"]
[Annotator "NA RC"]
[PlyCount "47"]
[EventDate "2024.01.01"]
[EventType "swiss"]
[EventCountry "GER"]
[SourceTitle "playchess.com"]
[Source "ChessBase"]
[SourceQuality "1"]
[TimeControl "40/5400+30:1800+30"]

1. d4 d5 2. Nc3 Nf6 3. Bf4 e6 4. e3 Nc6 5. Nb5 Bd6 6. Nxd6+ cxd6 7. Nf3 O-O 8. c3 Re8 9. Be2 e5 10. Bg3 Bf5 11. Nh4 Bg6 12. Nxg6 hxg6 13. h4 Ne4 14. Bh2 f5 15. h5 gxh5 16. Bxh5 Re6 17. Qf3 f4 18. Qg4 Re7 19. Bg6 Kf8 20. Bxf4 Rf7 21. Rh8+ Ke7 22. Rxd8 Nxd8 23. Bxf7 Nxf7 24. Bg3 1-0

[Event "Niedersachsen-ch B 2024"]
[Site "Verden Aller"]
[Date "2024.01.07"]
[Round "7.35"]
[White "Sauer, Ben"]
[Black "Zweck, Gerhard"]
[Result "1/2-1/2"]
[ECO "C02"]
[WhiteElo "1427"]
[BlackElo "1414"]
[Annotator "NA RC"]
[PlyCount "133"]
[EventDate "2024.01.01"]
[EventType "swiss"]
[EventCountry "GER"]
[SourceTitle "playchess.com"]
[Source "ChessBase"]
[SourceQuality "1"]
[TimeControl "40/5400+30:1800+30"]

1. e4 e6 2. d4 d5 3. e5 c5 4. c3 Nc6 5. Nf3 Qb6 6. b3 Nge7 7. Be2 Nf5 8. Bb2 Bd7 9. g4 Nh6 10. h3 cxd4 11. cxd4 Bb4+ 12. Bc3 O-O 13. Bxb4 Qxb4+ 14. Qd2 f6 15. exf6 gxf6 16. O-O Qxd2 17. Nbxd2 Nf7 18. Bb5 Kh8 19. Rfe1 Rae8 20. Nf1 Rg8 21. Kh2 Ng5 22. Nxg5 Rxg5 23. Bxc6 bxc6 24. f4 Rg6 25. Nd2 h5 26. gxh5 Rh6 27. Re3 Rxh5 28. Rae1 Rg8 29. Rg1 Rxg1 30. Kxg1 Rf5 31. Rf3 Kh7 32. Kg2 c5 33. dxc5 Bc6 34. Kg3 d4 35. Rf2 Rxc5 36. Nc4 Bd5 37. Rc2 e5 38. fxe5 fxe5 39. Rd2 Bxc4 40. bxc4 Rxc4 41. Kf3 Rc3+ 42. Ke4 Re3+ 43. Kd5 Kg6 44. Rg2+ Kh6 45. Kc4 Rxh3 46. Re2 Rc3+ 47. Kd5 Re3 48. Rg2 d3 49. Kc4 e4 50. Kc3 Re2 51. Rxe2 dxe2 52. Kd2 e1=Q+ 53. Kxe1 Kg5 54. Ke2 Kf4 55. a4 a5 56. Kf2 e3+ 57. Ke2 Ke4 58. Ke1 Kd3 59. Kd1 Kc3 60. Ke2 Kb3 61. Kxe3 Kxa4 62. Kd2 Kb3 63. Kc1 Ka2 64. Kc2 a4 65. Kc1 Kb3 66. Kb1 a3 67. Ka1 1/2-1/2